 Dungeon Crawl Stone Soup version 0.28-a0-938-gbc3f381ebc (webtiles) character file.

Game seed: 11661848991642798204

424 porpoise the Magician (level 6, -1/32 HPs)
             Began as a Deep Elf Conjurer on Nov 29, 2021.
             Slain by an orc (5 damage)
             ... on level 5 of the Dungeon.
             The game lasted 00:08:51 (3455 turns).

porpoise the Magician (Deep Elf Conjurer)           Turns: 3455, Time: 00:08:52

Health: -1/32      AC:  3    Str:  5    XL:     6   Next: 64%
Magic:  2/18       EV: 12    Int: 24    God:
Gold:   91         SH:  0    Dex: 13    Spells: 8/19 levels left

rFire   . . .      SeeInvis .   a - +1 mace (protect)
rCold   . . .      Faith    .   (no shield)
rNeg    . . .      Spirit   .   h - +0 robe
rPois   .          Reflect  .   (no helmet)
rElec   .          Harm     .   (no cloak)
rCorr   .          Rampage  .   (no gloves)
Will    .....                   o - +0 pair of boots
Stlth   ++........              (no amulet)
HPRegen 0.10/turn               (no ring)
MPRegen 0.16/turn               (no ring)

@: no status effects
A: no striking features
a: no special abilities


You were on level 5 of the Dungeon.
You visited 1 branch of the dungeon, and saw 7 of its levels.

You collected 91 gold pieces.

Inventory:

Hand Weapons
 a - a +1 mace of protection (weapon)
Missiles
 c - 134 stones
 g - 23 poisoned darts
 s - 2 javelins
 u - 19 sling bullets
Armour
 h - a +0 robe (worn)
 o - a +0 pair of boots (worn)
Wands
 t - a wand of iceblast (6)
Scrolls
 f - a scroll of fog {unknown}
 i - a scroll of immolation {unknown}
 j - a scroll of vulnerability {unknown}
 k - a scroll of brand weapon {unknown}
 m - a scroll of acquirement {unknown}
 n - a scroll of teleportation
Potions
 b - a potion of degeneration
 d - 2 potions of heal wounds
 e - 2 potions of cancellation
 l - a potion of attraction
 p - a potion of magic
 q - a potion of resistance {unknown}


   Skills:
 - Level 2.4 Dodging
 - Level 2.4 Stealth
 - Level 7.0 Spellcasting
 - Level 5.5 Conjurations
 + Level 4.8 Hexes
 + Level 0.0 Translocations


You had 8 spell levels left.
You knew the following spells:

 Your Spells              Type           Power      Damage    Failure   Level
a - Magic Dart            Conj           100%       1d8       1%          1
b - Searing Ray           Conj           70%        2d7       1%          2
c - Fulminant Prism       Conj/Hex       16%        3d11      9%          4
d - Iskenderun's Mystic   Conj/Tloc      21%        2d6       22%         4

Your spell library contained the following spells:

 Spells                   Type           Power      Damage    Failure   Level
 Dazzling Flash           Conj/Hex       66%        N/A       2%          3
 Animate Skeleton         Necr           16%        N/A       7%          1
 Pain                     Necr           32%        1d5       7%          1
 Sublimation of Blood     Necr           8%         N/A       11%         2
 Wereblood                Tmut           8%         N/A       11%         2
 Vampiric Draining        Necr           8%         2d6       22%         3
 Summon Hydra             Summ           4%         N/A       100%        7


Dungeon Overview and Level Annotations

Branches:
Dungeon (7/15)
 Temple: D:4-7

Altars:

Annotations:
D:2 Terence


Message History

Something hits you.
The orc shouts!
You hear a shout!
Something hits you.
Casting: Searing Ray (safe; 1% risk of failure)
Confirm with . or Enter, or press ? or * to list all spells.
Aiming: Searing Ray (safe; 1% risk of failure)
Press: ? - help, Shift-Dir - straight line, f - orc
Aim: an orc, wielding a +0 hand axe and wearing a +0 ring mail (83% to hit)
The searing ray hits the orc.
The orc is severely wounded. (Press . to maintain the ray.)
You hear some strange, mumbled words.
You are confused.
Something hits you.
You hear some strange, mumbled words.
A magic dart appears from out of thin air!
The magic dart hits you!
You miss something. Something hits you.
* * * LOW HITPOINT WARNING * * *
An orc comes into view. It is wielding a +0 flail.
You bump into the rock wall.
The orc closely misses you. Something hits you.
* * * LOW HITPOINT WARNING * * *
You feel less confused.
Casting: Searing Ray (safe; 1% risk of failure)
Confirm with . or Enter, or press ? or * to list all spells.
Aiming: Searing Ray (safe; 1% risk of failure)
Press: ? - help, Shift-Dir - straight line, p - orc The searing ray hits something! (Press . to maintain the ray.)
The orc closely misses you. Something hits you but does no damage.
Unknown command.
The orc hits you with a +0 hand axe.
* * * LOW HITPOINT WARNING * * *
Something hits you.
* * * LOW HITPOINT WARNING * * *
Unknown command.
The searing ray hits something!
Reactivating autopickup.
You feel a bit more experienced. The orc hits you with a +0 hand axe.
You die...

#...........:..#
##.......$......#
#...............#
#........)..)...+
##........##....#
##...>)...# ....#
#....)...o#
...oo.
#.......)o#
.......
#.....##.@#
.......
#.....######
#...........
#.........##
##....##..#
###### .... .## #


You could see 2 orcs.

Vanquished Creatures
  A water moccasin (D:6)
  2 ogres (D:5)
  Jessica (D:2)
  An iguana (D:5)
  An orc wizard (D:5)
  3 gnolls (D:3)
  An adder (D:6)
  An ufetubus (D:5)
  An adder skeleton (D:5)
  3 dart slugs
  4 worms
  3 orcs
  4 endoplasms
  A giant cockroach (D:2)
  2 goblins (D:2)
  2 hobgoblins
  2 quokkas
  5 ball pythons
  2 frilled lizards
  A kobold (D:2)
  2 rats
43 creatures vanquished.

Notes
Turn   | Place    | Note
-------+----------+-------------------------------------------
     0 | D:1      | porpoise the Deep Elf Conjurer began the quest for the Orb.
     0 | D:1      | Reached XP level 1. HP: 10/10 MP: 6/6
   518 | D:1      | Reached XP level 2. HP: 14/15 MP: 4/8
   556 | D:1      | Learned a level 2 spell: Searing Ray
   753 | D:2      | Noticed Terence
   769 | D:2      | Noticed Jessica
   771 | D:2      | Killed Jessica
   772 | D:2      | Reached skill level 4 in Spellcasting
   772 | D:2      | Reached skill level 5 in Conjurations
   772 | D:2      | Reached XP level 3. HP: 19/19 MP: 5/10
   935 | D:2      | Found a faded altar of an unknown god.
  1800 | D:3      | Reached XP level 4. HP: 24/24 MP: 3/12
  2060 | D:3      | Reached skill level 5 in Spellcasting
  2230 | D:3      | Learned a level 4 spell: Fulminant Prism
  2235 | D:3      | Learned a level 4 spell: Iskenderun's Mystic Blast
  2757 | D:6      | Noticed a water moccasin
  2762 | D:6      | Killed a water moccasin
  2763 | D:6      | Reached XP level 5. HP: 21/28 MP: 9/15
  2887 | D:6      | Reached skill level 6 in Spellcasting
  2942 | D:5      | Entered Level 5 of the Dungeon
  3170 | D:5      | Noticed an ogre
  3176 | D:5      | Killed an ogre
  3177 | D:5      | Reached XP level 6. HP: 21/32 MP: 7/17
  3427 | D:5      | Reached skill level 7 in Spellcasting
  3455 | D:5      | Slain by an orc

Illustrated notes

Levels and vault maps discovered:
D:1:      co_arrival_square_in_a_square_in_a_square, layout_loops_ring
D:2:      layout_loops_ring, basic_ecumenical_altar, uniq_jessica, uniq_terence
D:3:      layout_loops_ring
D:4:      minmay_razor_zed, layout_basic, tgw_sif,
          chequers_temple_overflow_statue_of_worship, serial_shops, shop
D:5:      layout_gridville, serial_shops, kennysheep_mini_moat,
          minmay_misc_feat_pillars, abandoned_shop, hex_tiny
D:6:      layout_loops_ring, minmay_temple_entry_statues_fountains
D:7:      layout_cave_pools, guppyfry_early_elven_hall, uniq_duvessa

Skill      XL: |  1  2  3  4  5  6 |
---------------+-------------------+-----
Spellcasting   | 4 5 6 7 |  7.0
Conjurations   | 5 |  5.5
Hexes          | 2 4 |  4.8
Dodging        | |  2.4
Stealth        | |  2.4

Action                   |  1- 3 |  4- 6 || total
-------------------------+-------+-------++-------
Melee: Mace              |       |     1 ||     1
 Cast: Magic Dart        |    28 |     6 ||    34
       Searing Ray       |     9 |    19 ||    28
  Use: Scroll            |     3 |     3 ||     6
Armor: Robe              |     3 |     3 ||     6
Dodge: Dodged            |     1 |     8 ||     9

Table legend: (Time is in decaauts)
 A = Elapsed time spent in this place.
 B = Non-inter-level travel time spent in this place.
 C = Inter-level travel time spent in this place.
 D = Time resting spent in this place.
 E = Time spent auto-exploring this place.
 F = Levels seen in this place.
 G = Mean time per level.
                   A        B        C        D        E       F      G
               +--------+--------+--------+--------+--------+-----+--------+
         Total |   3453 |   3413 |     40 |   1383 |   1433 |   7 |  493.3 |
       Dungeon |   3453 |   3413 |     40 |   1383 |   1433 |   7 |  493.3 |
               +--------+--------+--------+--------+--------+-----+--------+

Top non-repeatable levels by time:
     D:2: 881 daAuts
     D:3: 822 daAuts
     D:1: 767 daAuts
     D:5: 513 daAuts
     D:6: 289 daAuts
     D:4: 170 daAuts
     D:7: 8 daAuts
